 Dungeon Sprint DCSS version 0.31-a0-1071-gaead2f62b1 (webtiles) character file.

Game seed: 192958198533044881

412 rocky1 the Basher (level 6, -2/88 HPs)
             Began as an Ogre Gladiator on Nov 26, 2023.
             Was an Initiate of Gozag.
             Slain by a tyrant leech (28 damage)
             ... in the Dungeon (Sprint VII: "The Pits").
             The game lasted 00:01:46 (1055 turns).

rocky1 the Basher (Ogre Gladiator)                  Turns: 1055, Time: 00:01:47

Health: -2/88      AC: 10    Str: 21    XL:     6   Next: 90%
Magic:  6/6        EV: 10    Int:  9    God:    Gozag
Gold:   891        SH:  0    Dex: 10    Spells: 5/5 levels left

rFire   . . .        p - +1 flail (protect)
rCold   . . .        (no shield)
rNeg    . . .        b - +0 robe
rPois   .            c - +0 hat
rElec   .            (no cloak)
rCorr   .            (gloves unavailable)
SInv    .            (boots unavailable)
Will    .....        (no amulet) Stlth
                     (no ring)
HPRegen 0.34/turn    (no ring)
MPRegen 0.10/turn

%: no teleportation
@: berserking, gold aura, under a protective aura, very quick
A: large, unfitting armour, tough skin 1
a: Renounce Religion, Potion Petition, Call Merchant, Bribe Branch


You were in the Dungeon.
You worshipped Gozag.
Gozag was pleased with you.
You visited 1 branch You collected 891 gold pieces.

Inventory:

Hand Weapons
 a - a +0 flail
 p - a +1 flail of protection (weapon)
Missiles
 d - 3 throwing nets (quivered)
 e - a large rock
Armour
 b - a +0 robe (worn)
 c - a +0 hat (worn)
Scrolls
 k - a scroll of blinking
 m - 2 scrolls of vulnerability
 n - 5 scrolls of amnesia
 o - a scroll of butterflies
Potions
 f - 6 potions of curing
 g - 5 potions of heal wounds
 h - a potion of haste
 i - 4 potions of magic
 j - a potion of berserk rage
 l - 2 potions of invisibility


   Skills:
 - Level 2.6 Fighting
 + Level 13.2 Maces & Flails
 - Level 2.0 Throwing
 - Level 2.6 Dodging


You had 5 spell levels left.
You didn't know any spells.
Your spell library was empty.

Dungeon Overview and Level Annotations

Branches:
Dungeon (1/1)

Altars:
Ashenzari
Cheibriados
Dithmenos
Elyvilon
Fedhas
Gozag
Hepliaklqana
Kikubaaqudgha
Makhleb
Nemelex Xobeh
Okawaru
Qazlal
Ru
Sif Muna
Trog
Uskayaw
Vehumet
Wu Jian
Xom
Yredelemnul
Zin
The Shining One
Jiyva
Lugonu


Innate Abilities, Weirdness & Mutations

You are too large for most types of armour.
You have tough skin. (AC +1)


Message History

There is an open door here.
The helpless bat fails to defend itself.
You thump the bat!
Your weapon exudes an aura of protection.
You kill the bat!
You now have 891 gold pieces (gained 63).
You open the door.
A tyrant leech comes into view.
A red film seems to cover your vision as you go berserk!
You feel yourself moving faster!
You feel mighty! The tyrant leech bites you!!
The tyrant leech draws strength from your injuries!
You miss the tyrant leech. You thump the tyrant leech!
Your weapon exudes an aura of protection.
The tyrant leech is lightly wounded.
You sock the tyrant leech!
The tyrant leech is moderately wounded.
The tyrant leech bites you!!
The tyrant leech draws strength from your injuries!
You thump the tyrant leech!
The tyrant leech is lightly wounded.
You hit the tyrant leech.
The tyrant leech is moderately wounded.
The tyrant leech bites you but does no damage.
You miss the tyrant leech.
The tyrant leech is moderately wounded.
You barely miss the tyrant leech.
The tyrant leech is moderately wounded.
You closely miss the tyrant leech.
The tyrant leech is moderately wounded.
The tyrant leech bites you!
* * * LOW HITPOINT WARNING * * *
The tyrant leech draws strength from your injuries!
You completely miss the tyrant leech.
The tyrant leech is lightly wounded.
You sock the tyrant leech!
The tyrant leech is lightly wounded.
The tyrant leech bites you!!
You die...
Your body crumbles into a pile of gold.

#.#........##.......#
#'###########.......#
#..#.#.## #########
#.......# ##.#.#.##
#.......#+#
##.#.#.##.+
#.......#w#
##.#.#..'@#
##########


You could see a tyrant leech.

Vanquished Creatures
  A fire bat (D)
  A water moccasin (D)
  A scorpion (D)
  A quasit (D)
  A hound (D)
  An iguana (D)
  A river rat (D)
  An orc (D)
  3 kobolds (D)
  2 quokkas (D)
  3 bats (D)
  A frilled lizard (D)
17 creatures vanquished.

Notes
Turn   | Place    | Note
-------+----------+-------------------------------------------
     0 | D        | rocky1 the Ogre Gladiator began the quest for the Orb.
     0 | D        | Reached XP level 1. HP: 22/22 MP: 1/1
    14 | D        | Reached skill level 3 in Maces & Flails
    18 | D        | Found a bloodstained altar of Trog.
    18 | D        | Found a shimmering blue altar of Sif Muna.
    18 | D        | Found a viscous altar of Jiyva.
    18 | D        | Found a hazy altar of Hepliaklqana.
    18 | D        | Found an opulent altar of Gozag.
    19 | D        | Found a glowing golden altar of the Shining One.
    19 | D        | Found a glowing silver altar of Zin.
    19 | D        | Found a basalt altar of Yredelemnul.
    19 | D        | Found a shimmering altar of Xom.
    19 | D        | Found an ornate altar of the Wu Jian Council.
    19 | D        | Found a sacrificial altar of Ru.
    19 | D        | Found a stormy altar of Qazlal.
    19 | D        | Found an iron altar of Okawaru.
    19 | D        | Found a sparkling altar of Nemelex Xobeh.
    19 | D        | Found a burning altar of Makhleb.
    19 | D        | Found a blossoming altar of Fedhas.
    19 | D        | Found a white marble altar of Elyvilon.
    19 | D        | Found a shadowy altar of Dithmenos.
    19 | D        | Found a snail-covered altar of Cheibriados.
    22 | D        | Found a corrupted altar of Lugonu.
    22 | D        | Found a radiant altar of Vehumet.
    23 | D        | Found an ancient bone altar of Kikubaaqudgha.
    23 | D        | Found a hide-covered altar of Uskayaw.
    23 | D        | Found a broken altar of Ashenzari.
    28 | D        | Became a worshipper of Gozag Ym Sagoz the Greedy
    74 | D        | Reached skill level 4 in Maces & Flails
   309 | D        | Noticed a scorpion
   313 | D        | Killed a scorpion
   314 | D        | Reached skill level 7 in Maces & Flails
   314 | D        | Reached XP level 2. HP: 29/29 MP: 2/2
   314 | D        | Reached XP level 3. HP: 36/36 MP: 3/3
   314 | D        | Reached XP level 4. HP: 44/44 MP: 4/4
   707 | D        | Reached skill level 8 in Maces & Flails
   789 | D        | Noticed a fire bat
   790 | D        | Noticed a water moccasin
   800 | D        | Reached skill level 9 in Maces & Flails
   806 | D        | Reached XP level 5. HP: 48/50 MP: 5/5
   810 | D        | Reached skill level 10 in Maces & Flails
   819 | D        | Killed a fire bat
   820 | D        | Reached skill level 12 in Maces & Flails
   820 | D        | Reached XP level 6. HP: 45/59 MP: 6/6
   834 | D        | Killed a water moccasin
   835 | D        | Reached skill level 13 in Maces & Flails
  1044 | D        | Noticed a tyrant leech
  1055 | D        | Slain by a tyrant leech

Illustrated notes

Levels and vault maps discovered:
D:        pitsprint [storerooms_1, entrance_room_1, metal_vault_2, armoury_1,
          mini_pit_1, grid_room_1, main_hall_1, silver_pit, the_coven_2,
          the_vestibule_1, steel_vault_2, golden_pit, hallway_of_sentries,
          crystal_vault_3, iron_vault_2, final_vault]

Skill      XL: |  1  2  3  4  5  6 |
---------------+-------------------+-----
Maces & Flails | 7 9 12 13 | 13.2
Fighting       | |  2.6
Throwing       | |  2.0
Dodging        | |  2.6

Action                     |  1- 3 |  4- 6 || total
---------------------------+-------+-------++-------
  Melee: Flail             |    16 |    69 ||    85
         Punch             |       |     1 ||     1
    Use: Potion            |     1 |     2 ||     3
   Stab: Sleeping          |       |     1 ||     1
 Armour: Robe              |     9 |    51 ||    60
  Dodge: Dodged            |     8 |    36 ||    44

Table legend: (Time is in decaauts)
 A = Elapsed time spent in this place.
 B = Non-inter-level travel time spent in this place.
 C = Inter-level travel time spent in this place.
 D = Time resting spent in this place.
 E = Time spent auto-exploring this place.
 F = Levels seen in this place.
 G = Mean time per level.
                   A        B        C        D        E       F      G
               +--------+--------+--------+--------+--------+-----+--------+
         Total |   1056 |   1036 |     20 |    803 |      0 |   1 | 1056.0 |
       Dungeon |   1056 |   1036 |     20 |    803 |      0 |   1 | 1056.0 |
               +--------+--------+--------+--------+--------+-----+--------+

Top non-repeatable levels by time:
       D: 1056 daAuts
